| TOP OF THE 1ST |
|
Milwaukee Brewers batting - Pitching for Detroit Tigers : LHP Josh Thorpe
|
|
Pitching: LHP Josh Thorpe
|
|
|
Batting: RHB Akitada Nishizawa
|
0-0: Called Strike 0-1: Ball 1-1: Ground out 5-3 (Groundball, 56S, EV 81.2 MPH)
|
|
Batting: RHB Kisho Ito
|
0-0: Ball 1-0: Ball 2-0: Called Strike 2-1: Ball 3-1: Foul Ball, location: 2F 3-2: Base on Balls
|
|
Batting: RHB Dave Gonzalez
|
0-0: Foul Ball, location: 2F 0-1: Ball 1-1: Ball 2-1: Swinging Strike 2-2: Strikes out looking
|
|
Batting: RHB Adrian Rudkilde
|
0-0: Ball 1-0: Ball 2-0: Called Strike 2-1: Ground out 4-3 (Groundball, 4S, EV 91.2 MPH)
|
| Top of the 1st over - 0 runs, 0 hits, 0 errors, 1 left on base; Milwaukee 0 - Detroit 0 |
| BOTTOM OF THE 1ST |
|
Detroit Tigers batting - Pitching for Milwaukee Brewers : RHP Travis Southern
|
|
Pitching: RHP Travis Southern
|
|
|
Batting: SHB Ross Holland
|
0-0: Ball 1-0: Ground out 4-3 (Groundball, 4, EV 103.8 MPH)
|
|
Batting: RHB Victor Quinones
|
0-0: Swinging Strike 0-1: Foul Ball, location: 2F 0-2: Foul Ball, location: 2F 0-2: Ball 1-2: Foul Ball, location: 2F 1-2: Fly out, F8 (Flyball, 8RM, EV 85.6 MPH)
|
|
Batting: LHB Dave Carlisle
|
0-0: Ball 1-0: Ball 2-0: Ball 3-0: Called Strike 3-1: Foul Ball, location: 2F 3-2: SINGLE (Groundball, 34D, EV 105.6 MPH)
|
|
Batting: RHB Chris Wheatley
|
0-0: Swinging Strike 0-1: Swinging Strike 0-2: Foul Ball, location: 2F 0-2: Ball 1-2: Ball 2-2: 2-RUN HOME RUN (Flyball, 7D, EV 100.6 MPH), Distance : 389 ft
|
|
Batting: LHB Conrad Taylor
|
0-0: Swinging Strike 0-1: Fly out, F9 (Flyball, 9, EV 84.4 MPH)
|
| Bottom of the 1st over - 2 runs, 2 hits, 0 errors, 0 left on base; Milwaukee 0 - Detroit 2 |
| TOP OF THE 2ND |
|
Milwaukee Brewers batting - Pitching for Detroit Tigers : LHP Josh Thorpe
|
|
Batting: RHB Mike Ball
|
0-0: DOUBLE (Line Drive, 3D, EV 103.8 MPH)
|
|
Batting: LHB Eric Klasek
|
0-0: Ball 1-0: Ball 2-0: Called Strike 2-1: Called Strike 2-2: SINGLE (Line Drive, 7S, EV 110.6 MPH) Mike Ball to third
|
|
Batting: SHB Orlando Torres
|
0-0: Fly out, F9 (Line Drive, 9S, EV 90.0 MPH)
|
|
Batting: LHB Alfredo de la Cruz
|
0-0: Fielders Choice at 2nd, 4-6 (Groundball, 4, EV 91.9 MPH) Mike Ball scores
|
|
Batting: RHB Ben Campbell
|
0-0: Ball 1-0: Called Strike 1-1: Ball 2-1: Called Strike 2-2: Strikes out looking
|
| Top of the 2nd over - 1 run, 2 hits, 0 errors, 1 left on base; Milwaukee 1 - Detroit 2 |
| BOTTOM OF THE 2ND |
|
Detroit Tigers batting - Pitching for Milwaukee Brewers : RHP Travis Southern
|
|
Batting: LHB Frank McConnell
|
0-0: Foul Ball, location: 2F 0-1: Foul Ball, location: 2F 0-2: Ball 1-2: Strikes out looking
|
|
Batting: SHB Adam Weber
|
0-0: Bunt for hit to 3S - play at first, batter OUT! 3-4
|
|
Batting: LHB Bill Ford
|
0-0: Foul Ball, location: 2F 0-1: SINGLE (Line Drive, 8LS, EV 99.4 MPH)
|
|
Batting: RHB Dan Becvar
|
0-0: Fly out, F8 (Flyball, 8RM, EV 85.0 MPH)
|
| Bottom of the 2nd over - 0 runs, 1 hit, 0 errors, 1 left on base; Milwaukee 1 - Detroit 2 |
| TOP OF THE 3RD |
|
Milwaukee Brewers batting - Pitching for Detroit Tigers : LHP Josh Thorpe
|
|
Batting: RHB Akitada Nishizawa
|
0-0: Ball 1-0: Ball 2-0: Called Strike 2-1: Swinging Strike 2-2: Fly out, F9 (Flyball, 9LSF, EV 91.9 MPH)
|
|
Batting: RHB Kisho Ito
|
0-0: Foul Ball, location: 2F 0-1: Ball 1-1: Foul Ball, location: 2F 1-2: Strikes out looking
|
|
Batting: RHB Dave Gonzalez
|
0-0: Called Strike 0-1: Ball 1-1: Foul Ball, location: 2F 1-2: Strikes out looking
|
| Top of the 3rd over - 0 runs, 0 hits, 0 errors, 0 left on base; Milwaukee 1 - Detroit 2 |
| BOTTOM OF THE 3RD |
|
Detroit Tigers batting - Pitching for Milwaukee Brewers : RHP Travis Southern
|
|
Batting: SHB Ross Holland
|
0-0: Foul Ball, location: 2F 0-1: Called Strike 0-2: Ball 1-2: DOUBLE (Line Drive, 5D, EV 94.4 MPH)
|
|
Batting: RHB Victor Quinones
|
0-0: Sac Bunt to P - play at first, batter OUT! 1-3 Ross Holland to third
|
|
Batting: LHB Dave Carlisle
|
0-0: Called Strike 0-1: Called Strike 0-2: Ball 1-2: Ball 2-2: Foul Ball, location: 2F 2-2: Ball 3-2: 2-RUN HOME RUN (Flyball, 9D, EV 98.8 MPH), Distance : 384 ft
|
|
Batting: RHB Chris Wheatley
|
0-0: SINGLE (Groundball, 4M, EV 104.4 MPH) (infield hit)
|
|
Batting: LHB Conrad Taylor
|
0-0: Ball 1-0: Foul Ball, location: 2F 1-1: Ball 2-1: SINGLE (Line Drive, 7S, EV 106.9 MPH) Chris Wheatley to second
|
|
Batting: LHB Frank McConnell
|
0-0: Swinging Strike 0-1: Ball 1-1: Foul Ball, location: 2F 1-2: Strikes out looking
|
|
Batting: SHB Adam Weber
|
0-0: Ball 1-0: Ball 2-0: Called Strike 2-1: Ball 3-1: Ground out 3-1 (Groundball, 34S, EV 92.5 MPH)
|
| Bottom of the 3rd over - 2 runs, 4 hits, 0 errors, 2 left on base; Milwaukee 1 - Detroit 4 |
| TOP OF THE 4TH |
|
Milwaukee Brewers batting - Pitching for Detroit Tigers : LHP Josh Thorpe
|
|
Batting: RHB Adrian Rudkilde
|
0-0: Ball 1-0: Called Strike 1-1: Ball 2-1: Ball 3-1: Foul Ball, location: 2F 3-2: SINGLE (Line Drive, 9S, EV 110.6 MPH)
|
|
Batting: RHB Mike Ball
|
0-0: Ball 1-0: Ball 2-0: Swinging Strike 2-1: Swinging Strike 2-2: Strikes out swinging
|
|
Batting: LHB Eric Klasek
|
0-0: Ball 1-0: Ball 2-0: Ball 3-0: Called Strike 3-1: Fly out, F5 (Popup, 15, EV 79.4 MPH)
|
|
Batting: SHB Orlando Torres
|
0-0: Called Strike 0-1: Swinging Strike 0-2: Ball 1-2: Foul Ball, location: 2F 1-2: Ball 2-2: Ball 3-2: Strikes out looking
|
| Top of the 4th over - 0 runs, 1 hit, 0 errors, 1 left on base; Milwaukee 1 - Detroit 4 |
| BOTTOM OF THE 4TH |
|
Detroit Tigers batting - Pitching for Milwaukee Brewers : RHP Travis Southern
|
|
Batting: LHB Bill Ford
|
0-0: Foul Ball, location: 2F 0-1: Called Strike 0-2: Ball 1-2: Ball 2-2: SINGLE (Groundball, 6S, EV 65.0 MPH) (infield hit)
|
|
Batting: RHB Dan Becvar
|
0-0: Called Strike 0-1: SINGLE (Groundball, 6MD, EV 99.4 MPH) Bill Ford to second Runner from 2nd tries for 3rd, SAFE, throw by CF made to third
|
|
Batting: SHB Ross Holland
|
0-0: Called Strike 0-1: Fly out, F5 (Popup, 5DF, EV 63.8 MPH)
|
|
Batting: RHB Victor Quinones
|
0-0: Grounds into double play, 4-6-3 (Groundball, 4, EV 88.1 MPH)
|
| Bottom of the 4th over - 0 runs, 2 hits, 0 errors, 1 left on base; Milwaukee 1 - Detroit 4 |
| TOP OF THE 5TH |
|
Milwaukee Brewers batting - Pitching for Detroit Tigers : LHP Josh Thorpe
|
|
Batting: LHB Alfredo de la Cruz
|
0-0: Called Strike 0-1: Foul Ball, location: 2F 0-2: Ball 1-2: Foul Ball, location: 2F 1-2: Foul Ball, location: 2F 1-2: Foul Ball, location: 2F 1-2: Ball 2-2: Strikes out swinging
|
|
Batting: RHB Ben Campbell
|
0-0: Called Strike 0-1: Called Strike 0-2: Strikes out swinging
|
|
Batting: RHB Akitada Nishizawa
|
0-0: Called Strike 0-1: Called Strike 0-2: Foul Ball, location: 2F 0-2: Ball 1-2: Ground out 4-3 (Groundball, 4MD, EV 88.8 MPH)
|
| Top of the 5th over - 0 runs, 0 hits, 0 errors, 0 left on base; Milwaukee 1 - Detroit 4 |
| BOTTOM OF THE 5TH |
|
Detroit Tigers batting - Pitching for Milwaukee Brewers : RHP Travis Southern
|
|
Batting: LHB Dave Carlisle
|
0-0: Fly out, F7 (Flyball, 7, EV 89.4 MPH)
|
|
Batting: RHB Chris Wheatley
|
0-0: Ball 1-0: SOLO HOME RUN (Flyball, 78XD, EV 103.8 MPH), Distance : 422 ft
|
|
Pitching: RHP Javy Uribe
|
|
|
Batting: LHB Conrad Taylor
|
0-0: Ball 1-0: Ball 2-0: Fly out, F7 (Flyball, 7, EV 78.1 MPH)
|
|
Batting: LHB Frank McConnell
|
0-0: Swinging Strike 0-1: Called Strike 0-2: Foul Ball, location: 2F 0-2: Strikes out swinging
|
| Bottom of the 5th over - 1 run, 1 hit, 0 errors, 0 left on base; Milwaukee 1 - Detroit 5 |
| TOP OF THE 6TH |
|
Milwaukee Brewers batting - Pitching for Detroit Tigers : LHP Josh Thorpe
|
|
Batting: RHB Kisho Ito
|
0-0: Foul Ball, location: 2F 0-1: Ground out 5-3 (Groundball, 56S, EV 90.0 MPH)
|
|
Batting: RHB Dave Gonzalez
|
0-0: Called Strike 0-1: Foul Ball, location: 2F 0-2: Foul Ball, location: 2F 0-2: Fly out, F7 (Flyball, 7LS, EV 88.8 MPH)
|
|
Batting: RHB Adrian Rudkilde
|
0-0: Foul Ball, location: 2F 0-1: Ball 1-1: Swinging Strike 1-2: Ball 2-2: Strikes out swinging
|
| Top of the 6th over - 0 runs, 0 hits, 0 errors, 0 left on base; Milwaukee 1 - Detroit 5 |
| BOTTOM OF THE 6TH |
|
Detroit Tigers batting - Pitching for Milwaukee Brewers : RHP Javy Uribe
|
|
Batting: SHB Adam Weber
|
0-0: Ground out 1-3 (Groundball, 25, EV 69.4 MPH)
|
|
Batting: LHB Bill Ford
|
0-0: Ball 1-0: Called Strike 1-1: Ball 2-1: DOUBLE (Flyball, 89XD, EV 111.9 MPH)
|
|
Batting: RHB Dan Becvar
|
0-0: Swinging Strike 0-1: Swinging Strike 0-2: Ball 1-2: Strikes out swinging
|
|
Batting: SHB Ross Holland
|
0-0: Called Strike 0-1: Called Strike 0-2: Foul Ball, location: 2F 0-2: Foul Ball, location: 2F 0-2: Ball 1-2: Strikes out swinging
|
| Bottom of the 6th over - 0 runs, 1 hit, 0 errors, 1 left on base; Milwaukee 1 - Detroit 5 |
| TOP OF THE 7TH |
|
Milwaukee Brewers batting - Pitching for Detroit Tigers : LHP Josh Thorpe
|
|
Batting: RHB Mike Ball
|
0-0: Ball 1-0: Ball 2-0: Ball 3-0: Called Strike 3-1: Base on Balls
|
|
Batting: LHB Eric Klasek
|
0-0: Ball 1-0: SINGLE (Line Drive, 56D, EV 98.1 MPH) Mike Ball to second Runner from 2nd tries for 3rd, SAFE, throw by LF made to third
|
|
Pitching: RHP Aaron Vallejo
|
|
|
Batting: SHB Orlando Torres
|
0-0: Called Strike 0-1: Ball 1-1: Foul Ball, location: 2F 1-2: Foul Ball, location: 2F 1-2: Ball 2-2: SINGLE (Groundball, 56D, EV 96.9 MPH) Mike Ball scores Eric Klasek to second Runner from 2nd tries for 3rd, SAFE, throw by LF made to third
|
|
Batting: LHB Alfredo de la Cruz
|
0-0: Ball 1-0: Ball 2-0: Called Strike 2-1: Foul Ball, location: 2F 2-2: Foul Ball, location: 2F 2-2: Ground out 6-3 (Groundball, 6, EV 109.4 MPH) Eric Klasek scores Orlando Torres to second
|
|
Pinch Hitting: LHB Jason Peck
|
0-0: Ground out 4-3 (Groundball, 4D, EV 106.2 MPH) Orlando Torres to third
|
|
Batting: RHB Akitada Nishizawa
|
0-0: Foul Ball, location: 2F 0-1: Ball 1-1: Foul Ball, location: 2F 1-2: Ball 2-2: Fly out, F9 (Flyball, 9, EV 80.6 MPH)
|
| Top of the 7th over - 2 runs, 2 hits, 0 errors, 1 left on base; Milwaukee 3 - Detroit 5 |
| BOTTOM OF THE 7TH |
|
Detroit Tigers batting - Pitching for Milwaukee Brewers : RHP Javy Uribe
|
|
Pitching: RHP Timóteo Metzener
|
|
|
Now at C: Lewis Thorpe Jr.
|
|
|
Batting: RHB Victor Quinones
|
0-0: SINGLE (Line Drive, 89S, EV 96.9 MPH)
|
|
Batting: LHB Dave Carlisle
|
0-0: Ball 1-0: Swinging Strike 1-1: Ball Victor Quinones is caught stealing 2nd base 2-6 2-1: Ball 3-1: Foul Ball, location: 2F 3-2: Foul Ball, location: 2F 3-2: Foul Ball, location: 2F 3-2: Fly out, F7 (Flyball, 7, EV 83.8 MPH)
|
|
Batting: RHB Chris Wheatley
|
0-0: Ball 1-0: Ball 2-0: Called Strike 2-1: Foul Ball, location: 2F 2-2: Foul Ball, location: 2F 2-2: Ball 3-2: Foul Ball, location: 2F 3-2: Foul Ball, location: 2F 3-2: Base on Balls
|
|
Batting: LHB Conrad Taylor
|
0-0: Ball 1-0: Ball 2-0: Ball 3-0: DOUBLE (Flyball, 89D, EV 108.1 MPH) Chris Wheatley to third Runner from 3rd tries for Home, SAFE, no throw by CF
|
|
Batting: LHB Frank McConnell
|
0-0: Called Strike 0-1: Ball 1-1: Foul Ball, location: 2F 1-2: Ground out 6-3 (Groundball, 6, EV 76.2 MPH)
|
| Bottom of the 7th over - 1 run, 2 hits, 0 errors, 1 left on base; Milwaukee 3 - Detroit 6 |
| TOP OF THE 8TH |
|
Milwaukee Brewers batting - Pitching for Detroit Tigers : RHP Aaron Vallejo
|
|
Batting: RHB Kisho Ito
|
0-0: Ball 1-0: Swinging Strike 1-1: Fly out, F6 (Line Drive, 6, EV 73.1 MPH)
|
|
Batting: RHB Dave Gonzalez
|
0-0: Called Strike 0-1: Swinging Strike 0-2: Ball 1-2: Strikes out swinging
|
|
Batting: RHB Adrian Rudkilde
|
0-0: Ball 1-0: Called Strike 1-1: Foul Ball, location: 2F 1-2: Strikes out swinging, 2-3 out at first.
|
| Top of the 8th over - 0 runs, 0 hits, 0 errors, 0 left on base; Milwaukee 3 - Detroit 6 |
| BOTTOM OF THE 8TH |
|
Detroit Tigers batting - Pitching for Milwaukee Brewers : RHP Timóteo Metzener
|
|
Pitching: RHP Jeff Urry
|
|
|
Batting: SHB Adam Weber
|
0-0: Called Strike 0-1: Ball 1-1: Swinging Strike 1-2: Foul Ball, location: 2F 1-2: Ball 2-2: Foul Ball, location: 2F 2-2: Strikes out swinging
|
|
Batting: LHB Bill Ford
|
0-0: Ball 1-0: Swinging Strike 1-1: Ball 2-1: Called Strike 2-2: SINGLE (Line Drive, 89S, EV 88.8 MPH)
|
|
Batting: RHB Dan Becvar
|
0-0: Ball 1-0: Fly out, F8 (Flyball, 89D, EV 93.8 MPH)
|
|
Batting: SHB Ross Holland
|
0-0: Called Strike Bill Ford steals 2nd base (no throw) 0-1: Called Strike 0-2: Ball 1-2: Foul Ball, location: 2F 1-2: SINGLE (Groundball, 56S, EV 65.0 MPH) (infield hit) Bill Ford to third
|
|
Batting: RHB Victor Quinones
|
0-0: Ball 1-0: Fly out, F8 (Flyball, 8RD, EV 96.9 MPH)
|
| Bottom of the 8th over - 0 runs, 2 hits, 0 errors, 2 left on base; Milwaukee 3 - Detroit 6 |
| TOP OF THE 9TH |
|
Milwaukee Brewers batting - Pitching for Detroit Tigers : RHP Aaron Vallejo
|
|
Pitching: RHP Luis Brown
|
|
|
Batting: RHB Mike Ball
|
0-0: Called Strike 0-1: Foul Ball, location: 2F 0-2: Strikes out looking
|
|
Batting: LHB Eric Klasek
|
0-0: Ball 1-0: Ball 2-0: Foul Ball, location: 2F 2-1: Ball 3-1: Foul Ball, location: 2F 3-2: Foul Ball, location: 2F 3-2: Foul Ball, location: 2F 3-2: Base on Balls
|
|
Batting: SHB Orlando Torres
|
0-0: Ball 1-0: Grounds out, U3 (Groundball, 3L, EV 84.4 MPH)
|
|
Batting: LHB Alfredo de la Cruz
|
0-0: Ground out 4-3 (Groundball, 4, EV 105.6 MPH)
|
| Top of the 9th over - 0 runs, 0 hits, 0 errors, 1 left on base; Milwaukee 3 - Detroit 6 |
|